 Dungeon Crawl Stone Soup version 0.22-a0-283-g1871b15 (webtiles) character file.

7743 Amnesiac the Thaumaturge (level 11, -3/64 HPs)
             Began as a Deep Elf Wizard on Mar 19, 2018.
             Was a High Priest of Sif Muna.
             Slain by an orc wizard
             ... wielding a +0 dagger of electrocution
              (17 damage)
             ... on level 10 of the Dungeon.
             The game lasted 00:22:42 (10917 turns).

Amnesiac the Thaumaturge (Deep Elf Wizard)         Turns: 10917, Time: 00:22:42

Health: -3/64      AC: 13    Str:  6    XL:     11   Next: 0%
Magic:  0/28       EV: 16    Int: 27    God:    Sif Muna [*****.]
Gold:   380        SH:  0    Dex: 13    Spells: 13/33 levels left

rFire    + . .     SeeInvis +   B - staff of energy
rCold    + . .     Gourm    .   (no shield)
rNeg     . . .     Faith    +   y - +3 leather armour {MR+}
rPois    .         Spirit   .   i - +0 helmet
rElec    .         Reflect  .   p - +0 cloak
rCorr    .         Harm     .   m - +0 pair of gloves
MR       ++...     Clarity  +   j - +1 pair of boots
Stlth    +++.......             C - amulet "Wiydghal" {Faith rF+ Str+2 SInv}
HPRegen  0.20/turn              E - ring of protection from cold
MPRegen  0.21/turn              A - ring of stealth

@: no casting
A: repulsion field 1, thin metallic scales 1, clarity
a: Stop Divine Energy, Channel Magic, Forget Spell, Renounce Religion


You were on level 10 of the Dungeon.
You worshipped Sif Muna.
Sif Muna was extremely pleased with you.
You were not hungry.

You visited 2 branches of the dungeon, and saw 11 of its levels.

You collected 517 gold pieces.
You spent 137 gold pieces at shops.

Inventory:

Hand Weapons
 D - the +3 hand axe of Fatigue {pain, rElec}
   (You found it on level 7 of the Dungeon)

   In the hands of one skilled in necromantic magic, it inflicts extra damage on
   living creatures.
   It insulates you from electricity.
 I - a +6 blowgun
Armour
 i - a +0 helmet (worn)
 j - a +1 pair of boots (worn)
 m - a +0 pair of gloves (worn)
 p - a +0 cloak (worn)
 y - a +3 leather armour of magic resistance (worn)
Magical Staves
 B - an uncursed staff of energy (weapon)
Jewellery
 e - an uncursed ring of flight
 r - an uncursed ring of wizardry {unknown}
 A - a ring of stealth (right hand)
 C - the amulet "Wiydghal" (around neck) {Faith rF+ Str+2 SInv}
   (You found it on level 6 of the Dungeon)

   [amulet of faith]

   It allows you to gain divine favour quickly.
   It affects your strength (+2).
   It protects you from fire.
   It lets you see invisible.
 E - a ring of protection from cold (left hand)
 K - the ring of Utehoav {rN+ AC+3 Int+2, unknown}
   (You found it on level 8 of the Dungeon)

   [ring of protection]

   It affects your AC (+3).
   It affects your intelligence (+2).
   It protects you from negative energy.
Wands
 s - a wand of polymorph (29)
 w - a wand of flame (13)
Scrolls
 c - 9 scrolls of teleportation {!r}
 g - a scroll of magic mapping {!r}
 o - 3 scrolls of amnesia {!r}
 t - 2 scrolls of enchant armour {!r}
 v - 4 scrolls of remove curse {!r}
 H - a scroll of fog {!r}
 J - 2 scrolls of immolation {!r, unknown}
Potions
 a - a potion of magic {!q, unknown}
 b - 2 potions of heal wounds {!q, unknown}
 h - a potion of haste {!q}
 k - 5 potions of curing {!q}
 l - 2 potions of berserk rage {!q, unknown}
 n - a potion of cancellation {!q}
 q - 2 potions of might {!q}
 u - a potion of agility {!q, unknown}
 x - a potion of invisibility {!q, unknown}
 z - a potion of flight {!q}
 F - 3 potions of lignification {!q, unknown}
 G - a potion of ambrosia {!q}
 L - 2 potions of resistance {!q, unknown}
Comestibles
 d - 23 rations


   Skills:
 - Level 6.0 Fighting
 - Level 6.0 Dodging
 - Level 2.4 Stealth
 - Level 11.5 Spellcasting
 + Level 10.1 Conjurations
 - Level 8.5 Summonings
 - Level 1.1 Translocations


You had 13 spell levels left.
You knew the following spells:

 Your Spells              Type           Power        Failure   Level  Hunger
a - Magic Dart            Conj           ####         1%          1    None
b - Call Imp              Summ           ######..     1%          2    None
c - Shadow Creatures      Summ           N/A          26%         6    None
e - Mephitic Cloud        Conj/Pois/Air  ####....     4%          3    None
r - Regeneration          Chrm/Necr      ###.......   17%         3    None
s - Conjure Flame         Conj/Fire      #####...     1%          3    None
v - Blink                 Tloc           N/A          5%          2    None


Dungeon Overview and Level Annotations

Branches:
Dungeon (10/15)            Temple (1/1) D:5            Lair (0/6) D:8
    Orc (0/2) D:10

Altars:
Ashenzari
Cheibriados
Dithmenos
Elyvilon
Fedhas
Gozag
Hepliaklqana
Kikubaaqudgha
Makhleb
Nemelex Xobeh
Okawaru
Qazlal
Ru
Sif Muna
Trog
Uskayaw
Vehumet
Wu Jian
Xom
Yredelemnul
Zin
The Shining One

Shops:
D:8 (   D:9 }


Innate Abilities, Weirdness & Mutations

You are surrounded by a mild repulsion field. (EV +2)
You are partially covered in thin metallic scales. (AC +2)
You possess an exceptional clarity of mind.


Message History

The orc hits you but does no damage.
You swap places.
The orc dies!
Sif Muna accepts your kill.
The orc wizard gestures at you while chanting.
The magic dart hits you!
* * * LOW HITPOINT WARNING * * *
The orc wizard hits your ogre with a dagger of electrocution.
The orc wizard hits your ogre but does no damage.
The orc wizard casts a spell.
The orc wizard seems to speed up.
The orc wizard points at you and mumbles some strange words.
The magic dart hits you!
* * * LOW HITPOINT WARNING * * *
The orc wizard hits you but does no damage.
The orc misses you.
The orc wizard hits your ogre with a dagger of electrocution.
The orc wizard hits you but does no damage.
What are your orders? t - Shout!
Orders for allies: a - Attack new target. r - Retreat! s - Stop attacking. g - Guard the area. f - Follow me.
Anything else - Cancel.
Gang up on whom?
Press: ? - help, Dir - move target cursor, f - orc wizard
Aim: an orc wizard, wielding a dagger of electrocution and wearing a robe (severely wounded, fast) Attack!
The orc wizard closely misses you. The orc wizard barely misses you.
The orc barely misses you. The orc wizard barely misses you.
The orc wizard gestures wildly while chanting.
The orc wizard blinks!
The orc wizard hits you but does no damage.
The orc misses you.
The orc wizard casts a spell.
The orc wizard blinks!
The orc wizard misses you. The orc hits you but does no damage.
The orc wizard hits your ogre with a dagger of electrocution.
Lightning courses through your ogre!
Your ogre dies!
Your ogre's corpse dissolves into shadows!
The orc wizard mumbles some strange words.
The orc wizard blinks!
Casting: Magic Dart (safe; 1% risk of failure)
Confirm with . or Enter, or press ? or * to list all spells.
You miscast Shadow Creatures.
Sif Muna protects you from the effects of your miscast!
Sif Muna grants you divine energy.
You briefly lose access to your magic!
The orc wizard hits you but does no damage.
You eat one of the 24 rations.
That ration really hit the spot!
The orc wizard hits you but does no damage.
You are electrocuted!
* * * LOW HITPOINT WARNING * * *
The orc wizard casts a spell at you. The magic dart hits you!
The orc closely misses you.
Really quaff
k - 6 potions of curing {!q}?
You feel better.
The orc wizard is no longer moving quickly.
The orc wizard hits you but does no damage.
The orc wizard casts a spell.
The orc wizard blinks!
The orc wizard hits you but does no damage.
You are electrocuted!
You die...

########## ###########
#........# #.........#
#........####.........#
#.....5..##.)..o@)....#
.....o.....>#..o......#
#..o.....####.........#
#...oo...# #.....ยง...#
####o##### #........o#
#...# #.........# #.###
##..###'### ##.#####
##># #.# ......>###
######'###


You could see 2 orc wizards and an orc.

Vanquished Creatures
  A hydra (D:8)
  A two-headed ogre (D:9)
  Pikel (D:8)
  Joseph (D:7)
  Psyche (D:8)
  A troll (D:5)
  A hornet (D:6)
  A hippogriff (D:8)
  2 dream sheep (D:8)
  Sigmund (D:6)
  A wyvern (D:10)
  9 yaks
  2 orc warriors
  A slave (D:8)
  4 ogres
  2 phantoms
  A centaur (D:7)
  3 bullfrogs
  3 big kobolds (D:8)
  A wyvern skeleton (D:8)
  A water moccasin skeleton (D:8)
  2 scorpions
  4 wights (D:10)
  2 jellies
  2 howler monkeys (D:4)
  3 crimson imps
  3 bullfrog zombies
  A bullfrog skeleton (D:9)
  7 orc wizards
  A centaur skeleton (D:4)
  3 hounds
  4 orc priests
  4 iguanas
  4 worker ants
  2 hound zombies
  12 adders
  4 shadow imps
  A white imp (D:8)
  An ooze (D:6)
  2 adder skeletons
  2 worms
  8 dart slugs
  4 leopard geckos
  16 orcs
  4 bats
  6 giant cockroaches
  4 goblins
  6 hobgoblins
  13 jackals
  6 quokkas
  A ball python (D:4)
  4 frilled lizards
  6 kobolds
  2 leopard gecko skeletons
  A quokka zombie (D:5)
  3 rats
187 creatures vanquished.

Vanquished Creatures (collateral kills)
  2 ice beasts (D:5)
  2 orc warriors
  A phantom (D:10)
  2 orc priests
  An orc wizard (D:9)
  An orc (D:10)
9 creatures vanquished.

Vanquished Creatures (others)
  A crimson imp (D:8)
1 creature vanquished.

Grand Total: 197 creatures vanquished

Notes
Turn   | Place    | Note
-------+----------+-------------------------------------------
     0 | D:1      | Amnesiac the Deep Elf Wizard began the quest for the Orb.
     0 | D:1      | Reached XP level 1. HP: 10/10 MP: 7/7
   243 | D:1      | Reached skill level 1 in Fighting
   243 | D:1      | Reached XP level 2. HP: 16/16 MP: 0/9
   247 | D:1      | Learned a level 2 spell: Blink
   250 | D:1      | Learned a level 2 spell: Call Imp
  1163 | D:2      | Reached XP level 3. HP: 21/21 MP: 8/11
  1168 | D:2      | Learned a level 3 spell: Conjure Flame
  1172 | D:2      | Learned a level 3 spell: Mephitic Cloud
  2036 | D:3      | Reached XP level 4. HP: 27/27 MP: 6/12
  2886 | D:4      | Reached XP level 5. HP: 31/31 MP: 8/13
  2895 | D:4      | Noticed a phantom
  3009 | D:4      | Killed a phantom
  3009 | D:4      | Reached XP level 6. HP: 13/37 MP: 0/14
  3520 | D:5      | Entered Level 5 of the Dungeon
  3553 | D:5      | Found a staircase to the Ecumenical Temple.
  3564 | Temple   | Entered the Ecumenical Temple
  3732 | D:5      | Noticed an ice beast
  3766 | D:5      | Killed an ice beast
  3909 | D:5      | Reached XP level 7. HP: 43/43 MP: 7/15
  4153 | D:5      | Found a large runed door.
  4154 | D:5      | Found a large runed door.
  4263 | D:5      | Noticed a troll
  4271 | D:5      | Killed a troll
  4271 | D:5      | Reached skill level 5 in Fighting
  4271 | D:5      | Reached skill level 5 in Dodging
  4275 | D:5      | Reached XP level 8. HP: 22/51 MP: 4/16
  4417 | D:5      | Learned a level 3 spell: Regeneration
  4443 | D:5      | Found a deep blue altar of Sif Muna.
  4476 | D:5      | Found a large runed door.
  4476 | D:5      | Found a large runed door.
  4505 | D:5      | Became a worshipper of Sif Muna the Loreminder
  4563 | D:5      | Found a shimmering altar of Xom.
  4876 | D:5      | Reached skill level 5 in Conjurations
  5260 | D:5      | Reached skill level 5 in Spellcasting
  5329 | D:5      | Got a brightly glowing ring mail
  5351 | D:5      | Identified the +3 ring mail "Meoco" {+Inv MR+} (You found it on level 5 of the Dungeon)
  5417 | D:6      | Noticed Sigmund
  5442 | D:6      | Killed Sigmund
  5478 | D:6      | Reached * piety under Sif Muna
  5478 | D:6      | Reached skill level 6 in Spellcasting
  5522 | D:6      | Noticed a hornet
  5555 | D:6      | Killed a hornet
  6030 | D:6      | Reached XP level 9. HP: 55/55 MP: 15/21
  6041 | D:6      | Got a transparent diamond amulet
  6236 | D:6      | Reached skill level 7 in Spellcasting
  6436 | D:6      | Identified the amulet "Wiydghal" {Faith rF+ Str+2 SInv} (You found it on level 6 of the Dungeon)
  6695 | D:7      | Noticed Joseph
  6715 | D:7      | Killed Joseph
  6715 | D:7      | Reached ** piety under Sif Muna
  6715 | D:7      | Reached skill level 8 in Spellcasting
  6860 | D:7      | Found a shadowy altar of Dithmenos.
  6956 | D:7      | Found a stormy altar of Qazlal.
  6969 | D:7      | Reached skill level 9 in Spellcasting
  6998 | D:7      | Found a glowing silver altar of Zin.
  6998 | D:7      | Found a burning altar of Makhleb.
  6999 | D:7      | Noticed a balrug
  6999 | D:7      | Noticed an angel
  7217 | D:7      | Found an ornate altar of the Wu Jian Council.
  7222 | D:7      | Found a hazy altar of Hepliaklqana.
  7505 | D:7      | Got an encrusted hand axe
  7577 | D:8      | Identified the +3 hand axe of Fatigue {pain, rElec} (You found it on level 7 of the Dungeon)
  7605 | D:8      | Reached skill level 10 in Spellcasting
  7613 | D:8      | Learned a level 6 spell: Shadow Creatures
  7627 | D:8      | Reached *** piety under Sif Muna
  7654 | D:8      | Reached skill level 5 in Summonings
  7772 | D:8      | Noticed a three-headed hydra
  7782 | D:8      | Killed a one-headed hydra
  7782 | D:8      | Reached XP level 10. HP: 30/60 MP: 19/26
  7891 | D:8      | Reached **** piety under Sif Muna
  8030 | D:8      | Found a staircase to the Lair.
  8046 | D:8      | Found Qeotanol's Antique Weapon Shop.
  8064 | D:8      | Bought a runed blowgun for 137 gold pieces
  8087 | D:8      | Found a basalt altar of Yredelemnul.
  8142 | D:8      | Got a pearl-encrusted leather armour
  8157 | D:8      | Identified the +1 leather armour "Hiptid" {rElec} (You found it on level 8 of the Dungeon)
  8319 | D:8      | Noticed Pikel
  8342 | D:8      | Killed Pikel
  8367 | D:8      | Found a sacrificial altar of Ru.
  8788 | D:8      | Got a fine granite ring
  8818 | D:8      | Found a basalt altar of Yredelemnul.
  8824 | D:8      | Noticed Psyche
  8837 | D:8      | Killed Psyche
  8865 | D:8      | Found a hide-covered altar of Uskayaw.
  8919 | D:8      | Found a shadowy altar of Dithmenos.
  9069 | D:8      | Gained mutation: You are surrounded by a mild repulsion field. (EV +2) [potion of mutation]
  9069 | D:8      | Gained mutation: You possess an exceptional clarity of mind. [potion of mutation]
  9069 | D:8      | Gained mutation: You are partially covered in thin metallic scales. (AC +2) [potion of mutation]
  9323 | D:9      | Reached ***** piety under Sif Muna
  9323 | D:9      | Reached skill level 11 in Spellcasting
  9382 | D:9      | Found a snail-covered altar of Cheibriados.
  9387 | D:9      | Found an iron altar of Okawaru.
  9392 | D:9      | Found a glowing golden altar of the Shining One.
  9417 | D:9      | Identified Sif Muna's Disquisition on the Entourage (Sif Muna gifted it to you on level 9 of the Dungeon)
  9417 | D:9      | Received a gift from Sif Muna
  9662 | D:9      | Found Bofe's Gadget Emporium.
  9885 | D:9      | Found a shimmering altar of Xom.
 10110 | D:9      | Noticed a two-headed ogre
 10163 | D:9      | Killed a two-headed ogre
 10494 | D:10     | Entered Level 10 of the Dungeon
 10590 | D:10     | Reached skill level 10 in Conjurations
 10840 | D:10     | Reached XP level 11. HP: 64/64 MP: 13/28
 10886 | D:10     | Found a staircase to the Orcish Mines.
 10917 | D:10     | Slain by an orc wizard

Vault maps used:
D:1:      shiori_arrival_oz
D:3:      kennysheep_slugbush
D:5:      lemuel_crystal_altar, minmay_temple_entry_butterflies, first_ration,
          basic_altar, minmay_hollow_rounded_squares
D:6:      uniq_sigmund
D:7:      grunt_temple_overflow_order_and_chaos_2, marbit_many_paths,
          grunt_temple_overflow_open, basic_altar, uniq_joseph
D:8:      overflow_temple_1_default, lemuel_round_altar, lemuel_crystal_altar,
          lair_entry_dummy, serial_shops, kennysheep_mini_moat, hangedman_ranch,
          hangedman_feature_mirror, minmay_fire_ice_demons, uniq_psyche,
          uniq_pikel
D:9:      nicolae_overflow_hidden_temple, minitemple, serial_shops, shop
D:10:     orc_0_dummy
Temple:   nicolae_temple_figure_zero

Skill      XL: |  1  2  3  4  5  6  7  8  9 10 |
---------------+-------------------------------+-----
Fighting       | 1 2 3 4 5 6 |  6.0
Conjurations   | 2 4 7 8 10 | 10.1
Dodging        | 3 4 5 6 |  6.0
Spellcasting   | 6 10 11 | 11.5
Summonings     | 6 8 |  8.5
Stealth        | |  2.4
Translocations | |  1.1

Action                   |  1- 3 |  4- 6 |  7- 9 | 10-12 || total
-------------------------+-------+-------+-------+-------++-------
Melee: Unarmed           |       |     2 |       |       ||     2
       War axe           |       |    27 |    18 |       ||    45
       Staff             |       |       |     2 |    16 ||    18
       Falchion          |       |       |    14 |       ||    14
 Cast: Magic Dart        |   107 |   108 |   248 |   296 ||   759
       Conjure Flame     |       |     1 |    15 |    17 ||    33
       Call Imp          |       |     6 |     3 |       ||     9
       Mephitic Cloud    |       |     4 |     7 |     6 ||    17
       Shadow Creatures  |       |       |       |    12 ||    12
Invok: Divine Energy     |       |       |     1 |       ||     1
  Use: Scroll            |     4 |     3 |     1 |    11 ||    19
       Potion            |       |       |       |     2 ||     2
 Stab: Distracted        |       |     1 |     1 |       ||     2
       Sleeping          |       |     1 |       |       ||     1
       Confused          |       |       |       |     2 ||     2
  Eat: Chunk             |     3 |     6 |    12 |     9 ||    30
       Ration            |       |       |       |     1 ||     1
Armor: Robe              |     8 |    13 |     7 |       ||    28
       Leather armour    |       |       |    23 |    43 ||    66
Dodge: Dodged            |    14 |    43 |    75 |   114 ||   246
       Rpst.: Falchion   |       |       |     1 |       ||     1

Table legend:
 A = Spawn XP
 B = Non-spawn XP
 C = Spawn XP percentage of total XP
 D = Spawn monster count
 E = Non-spawn monster count
 F = Spawn count percentage of total count
 G = Total turns spent on level
                    A         B        C        D         E        F      G
               +---------+---------+-------+---------+---------+-------+---------
         Total |       0 |   11062 |   0.0 |       0 |     195 |   0.0 | 10917
               +---------+---------+-------+---------+---------+-------+---------
           D:1 |       0 |      33 |   0.0 |       0 |      17 |   0.0 |  1069
           D:2 |       0 |      33 |   0.0 |       0 |      13 |   0.0 |   755
           D:3 |       0 |      64 |   0.0 |       0 |      14 |   0.0 |   906
           D:4 |       0 |     464 |   0.0 |       0 |      20 |   0.0 |   790
           D:5 |       0 |    1311 |   0.0 |       0 |      32 |   0.0 |  1794
           D:6 |       0 |    1119 |   0.0 |       0 |      20 |   0.0 |  1180
           D:7 |       0 |     685 |   0.0 |       0 |      10 |   0.0 |   941
           D:8 |       0 |    4145 |   0.0 |       0 |      35 |   0.0 |  1518
           D:9 |       0 |    2454 |   0.0 |       0 |      24 |   0.0 |  1423
          D:10 |       0 |     754 |   0.0 |       0 |      10 |   0.0 |   423
               +---------+---------+-------+---------+---------+-------+---------
